 Dungeon Crawl Stone Soup version 0.32-a0-42-ga30500b4d3 (webtiles) character file.

Game seed: 11768301342059257757

8695 cforsyth the Nimble (level 11, -1/65 HPs)
             Began as a Djinni Hedge Wizard on Jan 30, 2024.
             Slain by a freezing wraith (11 damage)
             ... in an ice cave.
             The game lasted 00:20:25 (13277 turns).

cforsyth the Nimble (Djinni Hedge Wizard)          Turns: 13277, Time: 00:20:26

Health: -1/65      AC:  4    Str:  9    XL:     11   Next: 60%
Gold:   904        EV: 19    Int: 20    God:
                   SH:  0    Dex: 19

rFire   + + .        a - +0 dagger
rCold   . . .        (no shield)
rNeg    . . .        b - +0 robe
rPois   ∞            t - +0 helmet
rElec   .            (no cloak)
rCorr   .            f - +0 pair of gloves
SInv    .            (boots unavailable)
Will    +....        (no amulet)
Stlth   ++++         d - ring of protection from cold
HPRegen 0.30/turn    m - +6 ring of dexterity
MPRegen 0.00/turn

%: infuse magic (-2 HP)
@: flying
A: sickness immunity, fire resistance 2, cold vulnerability 1, float, innate
caster, HP casting, extra vitality 1
a: no special abilities


You were in an ice cave.
You visited 2 branches of the dungeon, and saw 13 of its levels.
You also visited: Ice Cave.

You collected 1068 gold pieces.
You spent 164 gold pieces at shops.

Inventory:

Hand Weapons
 a - a +0 dagger (weapon)
Missiles
 A - a throwing net
Armour
 b - a +0 robe (worn)
 c - a +0 hat
 f - a +0 pair of gloves (worn)
 t - a +0 helmet (worn)
Jewellery
 d - a ring of protection from cold (left hand)
 m - a +6 ring of dexterity (right hand)
 v - a ring of wizardry
Wands
 u - a wand of light (18)
 z - a wand of flame (4)
 E - a wand of charming (7)
 H - a wand of roots (4)
Scrolls
 e - a scroll of vulnerability
 g - a scroll of teleportation
 h - a scroll of immolation
 k - a scroll of blinking
 n - 4 scrolls of enchant weapon
 q - a scroll of identify
 r - 3 scrolls of revelation
 s - 3 scrolls of fog {unknown}
 y - a scroll of torment
 B - a scroll of fear {unknown}
 C - a scroll of brand weapon {unknown}
 D - 2 scrolls of enchant armour {unknown}
 K - a scroll of butterflies
Potions
 i - 2 potions of attraction
 j - 3 potions of lignification
 l - 8 potions of curing
 o - 2 potions of enlightenment
 p - 2 potions of heal wounds
 w - a potion of berserk rage
 x - 2 potions of ambrosia
 F - a potion of might {unknown}
 G - a potion of mutation
 I - a potion of brilliance {unknown}
 J - a potion of haste {unknown}
 L - a potion of resistance {unknown}


   Skills:
 + Level 11.2 Dodging
 + Level 9.4 Stealth
 + Level 8.5 Spellcasting
 + Level 8.5 Conjurations
 + Level 8.5 Hexes
 + Level 8.5 Summonings
 + Level 8.5 Necromancy
 + Level 8.5 Translocations
 + Level 8.5 Fire Magic
 + Level 8.5 Ice Magic
 + Level 8.5 Air Magic
 + Level 8.5 Earth Magic
 + Level 8.5 Alchemy


You knew the following spells:

 Your Spells              Type           Power      Damage    Failure   Level
a - Magic Dart            Conj           100%       1d8       1%          1
b - Slow                  Hex            100%       N/A       1%          1
c - Blink                 Tloc           84%        N/A       1%          2
d - Call Imp              Summ           84%        N/A       1%          2
e - Mephitic Cloud        Conj/Alch/Air  42%        N/A       1%          3
f - Foxfire               Conj/Fire      100%       2x1d9     1%          1
g - Static Discharge      Conj/Air       84%        3-7/arc   1%          2
h - Sigil of Binding      Hex            42%        N/A       1%          3
i - Cause Fear            Hex            21%        N/A       2%          4
j - Martyr's Knell        Necr/Summ      42%        N/A       2%          4
Your spell library was empty.

Dungeon Overview and Level Annotations

Branches:
Dungeon (12/15)            Temple (0/1) D:5            Lair (1/5) D:8
    Orc (0/2) D:9           IceCv (1/1)

Altars:
Cheibriados
Dithmenos
Hepliaklqana
Nemelex Xobeh
Qazlal
Uskayaw
Xom
Zin

Shops:
D:1 =   D:3 *   D:4 *!   D:9 (

Annotations:
D:11 1 runed translucent door, soberseth's ghost, journeyman GrEE


Innate Abilities, Weirdness & Mutations

You are immune to sickness and miasma.
You are immune to poison.
Your flesh is very heat resistant. (rF++)
You are vulnerable to cold. (rC-)
You float through the air rather than walking.
You learn spells naturally, not from books.
Your magical power is your life essence.
You have superior vitality. (+4 MHP)


Message History

The freezing wraith hits you but does no damage.
Casting: Foxfire (safe; 1% risk of failure)
Press: ? - help, Q - select action, (/) - cycle Dir - look around, f - activate
Okay, then.
Unknown command.
Your cerulean imp hits the freezing wraith but does no damage.
You conjure some foxfire!
The freezing wraith closely misses you. The freezing wraith barely misses you.
Your cerulean imp hits the freezing wraith but does no damage.
You conjure some foxfire!
The foxfire hits the freezing wraith!
The freezing wraith is burned terribly!
The freezing wraith is severely damaged.
The foxfire hits the freezing wraith but does no damage.
The freezing wraith is severely damaged.
The freezing wraith is engulfed in a cloud of scalding steam.
The freezing wraith closely misses you. x2
Your cerulean imp hits the freezing wraith but does no damage.
You conjure some foxfire!
The freezing wraith is engulfed in a cloud of scalding steam.
The freezing wraith closely misses you. The freezing wraith hits you.
Your cerulean imp hits the freezing wraith but does no damage.
The foxfire hits the freezing wraith but does no damage.
The freezing wraith is almost destroyed.
The foxfire hits the freezing wraith but does no damage.
The freezing wraith is almost destroyed.
The foxfire hits the freezing wraith but does no damage.
The freezing wraith is almost destroyed.
The foxfire hits the freezing wraith but does no damage.
The freezing wraith is almost destroyed.
The freezing wraith hits you! The freezing wraith freezes you!
* * * LOW HITPOINT WARNING * * *
The freezing wraith barely misses you.
Your cerulean imp hits the freezing wraith but does no damage.
Okay, then.
You feel much better.
The freezing wraith is engulfed in a cloud of scalding steam.
The freezing wraith hits you! The freezing wraith freezes you!
* * * LOW HITPOINT WARNING * * *
The freezing wraith hits you!
You die...

##### ##...##
##..∩..## #.......#
#...∩...#
##.....###### .##
##...###≈≈≈## #...#
##...##§§≈#.#......
#...##§@≈≈≈u.......
#...###5W≈##.......
##..§#.≈≈≈# .......
##....≈≈## .......
##..##≈# .###...
#..##### ## ##
#..## #.. #...


You could see a white ugly thing, a freezing wraith (ally target) and a friendly
cerulean imp (summoned).

Vanquished Creatures
  A manticore (D:11)
  A cane toad (Lair:1)
  Maggie (D:7)
  An ice devil (IceCv)
  Prince Ribbit (D:6)
  Sigmund (D:5)
  Eustachio (D:6)
  11 yaks
  2 steam dragons
  An acid dragon (D:10)
  4 water moccasins
  An ice beast (D:8)
  3 black bears
  A sky beast (D:8)
  2 orc warriors
  An ogre (D:6)
  2 phantoms
  4 centaurs
  2 kobold brigands
  7 bullfrogs
  2 gnoll sergeants (D:8)
  5 wights
  2 scorpions
  2 elephant simulacra (IceCv)
  10 killer bees
  10 howler monkeys
  5 orc priests
  A bombardier beetle (D:3)
  7 hounds
  5 sleepcaps
  A gnoll bouda (D:6)
  3 jellies
  10 iguanas
  Natasha (twice) (D:4)
  4 orc wizards
  2 polar bear simulacra (IceCv)
  A troll simulacrum (IceCv)
  12 gnolls
  8 adders
  A white imp (D:6)
  5 dart slugs
  40 orcs
  5 bats
  5 endoplasms
  2 giant cockroaches
  6 goblins
  2 hobgoblins (D:1)
  4 quokkas
  3 ball pythons
  3 frilled lizards
  7 kobolds
  4 rats
227 creatures vanquished.

Vanquished Creatures (collateral kills)
  3 gnolls (D:8)
3 creatures vanquished.

Vanquished Creatures (others)
  1912 foxfires
1912 creatures vanquished.

Grand Total: 2142 creatures vanquished

Notes
Turn   | Place    | Note
-------+----------+-------------------------------------------
     0 | D:1      | cforsyth the Djinni Hedge Wizard began the quest for the
                  | Orb.
     0 | D:1      | cforsyth set off with the following spells memorised: Magic
                  | Dart, Slow, Blink, Call Imp, Mephitic Cloud.
     0 | D:1      | Reached XP level 1. HP: 15/15 MP: 0/0
   179 | D:1      | Reached XP level 2. HP: 15/21 MP: 0/0
   350 | D:1      | Found Ogu Exof's Jewellery Shoppe.
   650 | D:1      | Reached XP level 3. HP: 12/25 MP: 0/0
   650 | D:1      | Learned a level 1 spell: Foxfire
  1386 | D:2      | Reached skill level 3 in Dodging
  1387 | D:2      | Reached XP level 4. HP: 18/31 MP: 0/0
  1801 | D:3      | Found Zenwo's Assorted Antiques.
  1809 | D:3      | Bought a scroll labelled NOUNIP BUIN for 20 gold pieces
  1809 | D:3      | Bought a scroll labelled FIEDIRR ETUR for 20 gold pieces
  1809 | D:3      | Bought a scroll labelled MEPTONKEIRPH for 20 gold pieces
  1856 | D:3      | Reached XP level 5. HP: 32/35 MP: 0/0
  1856 | D:3      | Learned a level 2 spell: Static Discharge
  1884 | D:3      | Found a shadowy altar of Dithmenos.
  2471 | D:4      | Noticed a black bear
  2481 | D:4      | Killed a black bear
  2482 | D:4      | Reached skill level 4 in Dodging
  2482 | D:4      | Reached XP level 6. HP: 24/40 MP: 0/0
  2542 | D:4      | Found Sefrawk's Distillery.
  2553 | D:4      | Bought a potion of curing for 39 gold pieces
  2553 | D:4      | Bought a potion of heal wounds for 65 gold pieces
  2604 | D:4      | HP: 2/40 [orc priest/divine providence (14)]
  3154 | D:4      | Noticed Natasha
  3155 | D:4      | Found Fizxul's CLEARANCE SALE!.
  3161 | D:4      | Killed Natasha
  3162 | D:4      | Reached XP level 7. HP: 35/45 MP: 0/0
  3162 | D:4      | Learned a level 3 spell: Sigil of Binding
  3306 | D:4      | Noticed Natasha
  3314 | D:4      | Killed Natasha
  3650 | D:5      | Entered Level 5 of the Dungeon
  3650 | D:5      | Noticed Sigmund
  3655 | D:5      | Killed Sigmund
  3656 | D:5      | Reached skill level 5 in Dodging
  3870 | D:5      | Found a glowing silver altar of Zin.
  3893 | D:5      | Reached XP level 8. HP: 37/50 MP: 0/0
  4194 | D:5      | Reached skill level 5 in Spellcasting
  4194 | D:5      | Reached skill level 5 in Conjurations
  4194 | D:5      | Reached skill level 5 in Hexes
  4194 | D:5      | Reached skill level 5 in Summonings
  4194 | D:5      | Reached skill level 5 in Necromancy
  4194 | D:5      | Reached skill level 5 in Translocations
  4194 | D:5      | Reached skill level 5 in Fire Magic
  4194 | D:5      | Reached skill level 5 in Ice Magic
  4194 | D:5      | Reached skill level 5 in Air Magic
  4194 | D:5      | Reached skill level 5 in Earth Magic
  4194 | D:5      | Reached skill level 5 in Alchemy
  4290 | D:5      | Reached skill level 6 in Dodging
  4361 | D:5      | Reached skill level 5 in Stealth
  4748 | D:5      | Found a staircase to the Ecumenical Temple.
  5318 | D:6      | Identified the +6 short sword "Jelly's Regret" {freeze, rC-
                  | Dex+3 Stlth+}
  5406 | D:6      | Found a snail-covered altar of Cheibriados.
  5652 | D:6      | Reached XP level 9. HP: 26/55 MP: 0/0
  5652 | D:6      | Learned a level 4 spell: Cause Fear
  5852 | D:6      | Noticed Prince Ribbit
  5860 | D:6      | Killed Prince Ribbit
  5861 | D:6      | Reached skill level 7 in Dodging
  6103 | D:6      | Noticed Eustachio
  6111 | D:6      | Killed Eustachio
  6387 | D:6      | Reached skill level 8 in Dodging
  6998 | D:7      | Reached XP level 10. HP: 46/60 MP: 0/0
  7039 | D:7      | Noticed Maggie
  7056 | D:7      | Killed Maggie
  7090 | D:7      | Reached skill level 9 in Dodging
  7199 | D:7      | Found a sparkling altar of Nemelex Xobeh.
  8072 | D:8      | Found a transporter.
  8589 | D:8      | Found a stormy altar of Qazlal.
  8999 | D:8      | Found a staircase to the Lair.
 10202 | D:8      | Reached skill level 10 in Dodging
 10401 | D:9      | Reached XP level 11. HP: 47/65 MP: 0/0
 10401 | D:9      | Learned a level 4 spell: Martyr's Knell
 10524 | D:9      | Found a hide-covered altar of Uskayaw.
 10586 | D:9      | Found a shimmering altar of Xom.
 10678 | D:9      | Found a shimmering altar of Xom.
 10681 | D:9      | Found a shimmering altar of Xom.
 10683 | D:9      | Found a shimmering altar of Xom.
 10683 | D:9      | Found a shimmering altar of Xom.
 10683 | D:9      | Found a shimmering altar of Xom.
 10797 | D:9      | Found Ownyffi's Weapon Shop.
 10857 | D:9      | Found a staircase to the Orcish Mines.
 11173 | D:10     | Entered Level 10 of the Dungeon
 11574 | D:10     | Found a hazy altar of Hepliaklqana.
 12078 | D:11     | Noticed a manticore
 12090 | D:11     | Killed a manticore
 12294 | D:11     | Reached skill level 11 in Dodging
 12587 | D:11     | Found a runed translucent door.
 12589 | D:11     | Noticed soberseth's ghost (journeyman GrEE)
 12753 | D:12     | Noticed a skeletal warrior
 12835 | Lair:1   | Entered Level 1 of the Lair of Beasts
 13006 | Lair:1   | Found a frozen archway.
 13135 | IceCv    | Entered an ice cave
 13212 | IceCv    | Noticed a white ugly thing
 13277 | IceCv    | Slain by a freezing wraith

Illustrated notes

Levels and vault maps discovered:
D:1:      minmay_arrival_cross, layout_basic, serial_shops, shop,
          minmay_door_square
D:2:      layout_basic, hangedman_abyss_or_decor_stabs, kennysheep_another_room
D:3:      layout_basic, nicolae_dithmenos_the_darkroom, serial_shops, shop,
          nrook_uturn, dreamdust_princess_bridge
D:4:      layout_basic, serial_shops, shop, nicolae_shop_clearance, uniq_natasha
D:5:      layout_layer_cave, lemuel_round_altar, minmay_temple_entry_nine_rooms,
          uniq_sigmund
D:6:      minmay_polygon_palace, layout_basic, mainiacjoe_overflow_catwalk,
          general_overflow_altar, corner_web_ring, uniq_eustachio,
          uniq_prince_ribbit1
D:7:      minmay_evil_eye, layout_rooms, lemuel_doored_altar, uniq_maggie
D:8:      layout_basic, nicolae_qazlal_beasts_of_the_sky, lair_entry_dummy,
          enter_bailey_7, nicolae_diode_basic
D:9:      layout_loops_ring, nicolae_uskayaw_suspiria, xom_redecorated,
          orc_0_dummy, serial_shops, shop_coins
D:10:     layout_small_grid, mainiacjoe_overflow_brackets
D:11:     layout_cave_pools, ebering_ghost_reflecting_pool
D:12:     layout_long_grid
Lair:1:   layout_small_grid, portal_ice_cave_entry_pillars_1,
          beast_lair_carwin_2, serial_bayou_shore_a, grunt_megastairs_3,
          uniq_nergalle
IceCv:    ice_cave_small_necro

Skill      XL: |  1  2  3  4  5  6  7  8  9 10 11 |
---------------+----------------------------------+-----
Stealth        | 2 3 4 5 7 8 9 |  9.4
Dodging        | 3 4 5 6 8 10 11 | 11.2
Spellcasting   | 4 5 6 7 8 |  8.5
Conjurations   | 4 5 6 7 8 |  8.5
Hexes          | 4 5 6 7 8 |  8.5
Summonings     | 4 5 6 7 8 |  8.5
Necromancy     | 4 5 6 7 8 |  8.5
Translocations | 4 5 6 7 8 |  8.5
Fire Magic     | 4 5 6 7 8 |  8.5
Ice Magic      | 4 5 6 7 8 |  8.5
Air Magic      | 4 5 6 7 8 |  8.5
Earth Magic    | 4 5 6 7 8 |  8.5
Alchemy        | 4 5 6 7 8 |  8.5

Action                     |  1- 3 |  4- 6 |  7- 9 | 10-12 || total
---------------------------+-------+-------+-------+-------++-------
  Melee: Dagger            |    36 |     4 |     2 |    29 ||    71
         Punch             |       |       |       |     1 ||     1
   Cast: Magic Dart        |    16 |       |       |     4 ||    20
         Foxfire           |    44 |   118 |   403 |   523 ||  1088
         Static Discharge  |       |     1 |       |       ||     1
         Mephitic Cloud    |       |       |     3 |    17 ||    20
         Call Imp          |       |       |       |    16 ||    16
         Blink             |       |       |       |     3 ||     3
         Cause Fear        |       |       |       |     7 ||     7
         Martyr's Knell    |       |       |       |     1 ||     1
    Use: Scroll            |       |     5 |       |    11 ||    16
         Potion            |       |       |       |     4 ||     4
 Armour: Robe              |    23 |    13 |    15 |    69 ||   120
  Dodge: Dodged            |    25 |     5 |    37 |   143 ||   210

Table legend: (Time is in decaauts)
 A = Elapsed time spent in this place.
 B = Non-inter-level travel time spent in this place.
 C = Inter-level travel time spent in this place.
 D = Time resting spent in this place.
 E = Time spent auto-exploring this place.
 F = Levels seen in this place.
 G = Mean time per level.
                   A        B        C        D        E       F      G
               +--------+--------+--------+--------+--------+-----+--------+
         Total |  13280 |  12657 |    623 |    476 |   9976 |  14 |  948.6 |
       Dungeon |  12839 |  12216 |    623 |    357 |   9920 |  12 | 1069.9 |
          Lair |    299 |    299 |      0 |    119 |      0 |   1 |  299.0 |
      Ice Cave |    141 |    141 |      0 |      0 |     56 |   1 |  141.0 |
               +--------+--------+--------+--------+--------+-----+--------+

Top non-repeatable levels by time:
     D:8: 2229 daAuts
     D:6: 1809 daAuts
     D:5: 1617 daAuts
     D:4: 1178 daAuts
     D:1: 1061 daAuts
     D:7: 995 daAuts
    D:11: 926 daAuts
     D:9: 921 daAuts
     D:3: 834 daAuts
    D:10: 683 daAuts
     D:2: 573 daAuts
  Lair:1: 299 daAuts
   IceCv: 141 daAuts
    D:12: 6 daAuts
